Map: Deathaura LE

Players

SortOf

  • Race: Zerg Zerg
  • League: Master
  • Spawn Location: 5:00

GOStephano (Stephano) - Winner!

  • Race: Zerg Zerg
  • League: Master
  • Spawn Location: 11:00

Event: DreamHack SC2 Masters 2020 Winter

VOD

Have the link to the VOD?

Description

Time

  • Played on: Oct. 14, 2020, 1:51 p.m.
  • Length: 7:48

All games in this series

Show
View Real Time Build Order
Export as new Build Order

SortOf Zerg 

Build Orders: Hatch First 

Get SALT Encoding   

  12  0:01  Drone  
  13  0:12  Overlord  
  13  0:16  Drone  
  14  0:31  Drone x2  
  16  0:48  Hatchery  
  15  0:52  Drone  
  15  0:55  Drone  
  17  0:59  Drone  
  18  1:10  Extractor  
  17  1:14  Spawning Pool  
  17  1:18  Drone  
  17  1:21  Drone  
  18  1:29  Drone  
  19  1:40  Drone  
  20  1:50  Drone  
  21  2:00  Queen x2  
  21  2:01  Zergling x2, Overlord  
  26  2:11  Drone x2  
  26  2:13  Metabolic Boost  
  28  2:22  Drone x2  
  30  2:34  Hatchery  
  29  2:39  Drone x2  
  31  2:44  Overlord  
  31  2:50  Baneling Nest  
  30  2:54  Zergling x2  
  30  2:55  Drone  
  32  2:59  Drone  
  32  3:02  Queen  
  32  3:05  Drone  
  36  3:09  Zergling x2  
  36  3:12  Drone x2  
  38  3:14  Drone  
  38  3:17  Drone  
  40  3:25  Drone  
  40  3:26  Overlord  
  41  3:28  Drone, Evolution Chamber  
  41  3:29  Drone  
  41  3:33  Drone  
  43  3:39  Baneling  
  43  3:43  Zergling x2  
  43  3:44  Overlord  
  44  3:48  Zergling x8  
  44  3:50  Baneling  
  44  3:51  Drone  
  44  3:53  Drone  
  44  3:54  Zerg Missile Weapons Level 1  
  50  3:56  Extractor  
  48  4:04  Drone x3  
  48  4:08  Drone  
  52  4:15  Overlord  
  52  4:16  Roach Warren  
  52  4:17  Drone x4  
  55  4:19  Drone  
  55  4:20  Drone  
  55  4:23  Drone  
  58  4:29  Drone  
  58  4:35  Lair  
  58  4:36  Drone  
  56  4:38  Zergling x4  
  56  4:39  Drone x4  
  56  4:41  Drone  
  56  4:44  Extractor  
  62  4:47  Drone  
  62  4:48  Drone x4  
  67  4:55  Drone x2  
  67  4:58  Roach x2  
  73  5:00  Overlord  
  73  5:01  Overlord  
  73  5:02  Overlord  
  73  5:07  Extractor  
  73  5:08  Extractor  
  73  5:09  Roach  
  73  5:10  Drone  
  73  5:12  Overlord  
  74  5:16  Overlord  
  74  5:18  Overlord  
  74  5:21  Roach x2  
  78  5:24  Drone x2  
  78  5:26  Drone  
  81  5:29  Roach x5  
  81  5:33  Glial Reconstitution  
  84  5:35  Drone x2  
  84  5:37  Overseer  
  84  5:40  Drone  
  84  5:42  Drone x2  
  87  5:43  Drone, Overseer  
  87  5:47  Drone  
  88  5:55  Drone x6  
  94  6:06  Roach x4  
  101  6:13  Roach x4  
  101  6:15  Ravager x2  
  111  6:20  Roach x2  
  111  6:22  Roach x2, Spine Crawler  
  118  6:27  Roach x2  
  118  6:29  Overlord  
  119  6:41  Overlord  
  119  6:42  Roach, Overlord  
  119  6:43  Overlord  
  121  6:47  Overlord  
  121  6:52  Roach x4  
  129  6:56  Roach x2  
  129  6:58  Roach  
  129  6:59  Roach x5  
  128  7:02  Roach  
  128  7:03  Queen  
  128  7:06  Roach  
  118  7:10  Roach  
  118  7:11  Queen  
  118  7:14  Roach x3  
  105  7:26  Roach x3  
Show
View Real Time Build Order
Export as new Build Order

GOStephano Zerg - Winner!

Build Orders: Hatch First 

Get SALT Encoding   

  12  0:00  Drone  
  13  0:12  Overlord  
  13  0:17  Drone  
  14  0:30  Drone x2  
  16  0:47  Hatchery  
  15  0:50  Drone  
  15  0:54  Drone  
  17  0:57  Drone  
  18  1:08  Extractor  
  17  1:13  Spawning Pool  
  17  1:16  Drone  
  17  1:19  Drone  
  18  1:28  Drone  
  19  1:38  Drone  
  20  1:49  Drone  
  21  1:59  Queen x2  
  21  2:00  Zergling x2  
  27  2:01  Drone  
  27  2:10  Drone  
  27  2:11  Metabolic Boost, Overlord  
  28  2:26  Hatchery  
  28  2:28  Drone  
  28  2:31  Drone  
  28  2:33  Drone  
  30  2:40  Queen  
  32  2:45  Overlord  
  32  2:48  Drone  
  33  2:55  Drone, Baneling Nest  
  33  2:58  Drone  
  34  3:02  Drone  
  35  3:07  Drone x2  
  35  3:09  Drone x2  
  39  3:16  Zergling x4  
  41  3:21  Zergling x2  
  41  3:23  Drone  
  42  3:27  Overlord  
  42  3:29  Zergling x2  
  43  3:41  Baneling  
  43  3:43  Drone x6  
  43  3:46  Drone, Evolution Chamber  
  49  3:49  Lair  
  49  3:52  Drone x2, Extractor  
  49  3:53  Drone  
  49  3:54  Extractor  
  49  3:55  Drone  
  51  4:02  Drone x2  
  52  4:03  Drone  
  52  4:06  Drone x2  
  54  4:11  Roach Warren  
  54  4:15  Zergling x8  
  57  4:19  Overlord  
  57  4:21  Overlord  
  57  4:25  Baneling x2  
  57  4:34  Drone  
  57  4:35  Drone  
  57  4:37  Zerg Missile Weapons Level 1  
  58  4:38  Drone x5  
  58  4:44  Drone  
  58  4:45  Drone  
  65  4:50  Drone x3  
  68  4:53  Glial Reconstitution  
  68  4:59  Extractor  
  67  5:00  Extractor  
  67  5:03  Overlord x4  
  66  5:09  Baneling x2  
  66  5:16  Roach x4  
  74  5:27  Roach x6  
  85  5:28  Overlord  
  84  5:37  Overlord  
  84  5:41  Roach x6  
  93  5:53  Roach  
  93  5:54  Roach x5  
  105  5:58  Roach x3  
  111  6:06  Roach x4  
  119  6:12  Roach, Overlord  
  119  6:13  Overlord x3  
  121  6:36  Roach x9  
  137  6:40  Ravager x2  
  137  6:42  Roach x4  
  137  6:44  Roach  
  147  6:59  Roach x7  
  138  7:08  Roach x5  
  142  7:18  Roach x4  
  144  7:27  Roach x3  
Tags
 
Add a new tag
Caveats
  • Supply blocks, unpowered buildings, or Contaminate may cause inaccurate times.
  • Supply counts are checked every 10 seconds.